AoeStats
← TIMVP

Arena

510117801Analyzed
2v2 RM · 3d ago on Sep 29, 2026· 67m 6s· 4 players
Game mode
Random Map
Map size
Medium (4 player)
Population
200
Speed
Normal
Resources
Standard
Victory
Conquest
Starting age
Dark Age
Ending age
Imperial Age
RankedLock teamsTeams togetherTeam positionsShared explorationLock speedFull tech treeHidden civsTurbo modeCheats
Victory
Defeat
🇺🇸 Jurchens · United States
716
+41
🇲🇽 Bohemians · Mexico
706
+18
🇵🇪 Romans · Peru
754
-18
🇵🇪 Saracens · Peru
739
-17
CALLATEprr@
0:55 Loom
12:18 Feudal Age
15:05 Double-Bit Axe
16:27 Wheelbarrow
15:52 Horse Collar
17:02 Man-at-Arms
17:30 Arson
19:57 Castle Age
18:54 Man-at-Arms
20:24 Long Swordsman
21:17 Squires
21:46 Forging
21:37 Scale Mail Armor
23:21 Iron Casting
23:34 Heavy Plow
24:20 Arson
31:07 Chemistry
30:27 Pikeman
34:52 Bow Saw
35:30 Fervor
39:23 Imperial Age
37:09 Hand Cart
38:41 Wagenburg Tactics
41:07 Chain Mail Armor
47:36 Ballistics
47:22 Siege Engineers
48:38 Two-Man Saw
48:42 Padded Archer Armor
49:13 Plate Mail Armor
54:22 Elite Hussite Wagon
55:36 Halberdier
59:38 Blast Furnace
58:29 Fletching
58:55 Leather Archer Armor
59:11 Conscription
63:11 Houfnice
BongusSmokeHouse
1:39 Loom
11:36 Feudal Age
12:20 Double-Bit Axe
12:18 Horse Collar
21:26 Wheelbarrow
26:32 Castle Age
26:45 Bloodlines
32:20 Squires
31:42 Man-at-Arms
34:42 Padded Archer Armor
36:30 Gold Mining
36:30 Stone Mining
36:40 Fletching
36:58 Scale Barding Armor
36:57 Husbandry
36:18 Light Cavalry
38:15 Gold Shaft Mining
38:03 Heavy Plow
38:09 Town Watch
40:25 Bow Saw
40:54 Stone Shaft Mining
42:29 Bodkin Arrow
42:49 Leather Archer Armor
42:55 Chain Barding Armor
43:38 Ballistics
43:00 Treadmill Crane
43:33 Masonry
46:35 Hand Cart
50:27 Imperial Age
49:46 Caravan
50:10 Fortified Bastions
52:06 Crop Rotation
52:43 Chemistry
55:02 Conscription
55:43 Forging
59:09 Town Patrol
63:28 Iron Casting
63:29 Plate Barding Armor
63:24 Ring Archer Armor
62:55 Bracer
63:59 Elite Iron Pagoda
66:18 Thunderclap Bombs
A†ilA
11:56 Feudal Age
17:33 Castle Age
15:50 Horse Collar
16:38 Double-Bit Axe
24:20 Bimaristan
25:00 Heavy Plow
25:13 Bow Saw
27:16 Wheelbarrow
34:21 Imperial Age
35:28 Hand Cart
35:47 Conscription
36:33 Redemption
36:35 Fervor
36:50 Block Printing
36:32 Herbal Medicine
39:45 Ballistics
40:28 Chemistry
43:18 Elite Mameluke
50:56 Onager
53:28 Siege Engineers
TIMVP
8:59 Loom
11:43 Feudal Age
12:08 Double-Bit Axe
18:46 Castle Age
17:09 Gold Mining
17:19 Horse Collar
17:49 Stone Mining
21:41 Bow Saw
23:43 Scale Mail Armor
23:47 Man-at-Arms
29:53 Heavy Plow
29:55 Long Swordsman
31:40 Long Swordsman
35:27 Imperial Age
34:30 Chain Mail Armor
33:54 Pikeman
34:35 Squires
36:04 Wheelbarrow
37:07 Conscription
38:35 Gold Shaft Mining
38:00 Legionary
38:55 Forging
41:07 Iron Casting
41:32 Scale Barding Armor
42:32 Ballistics
42:40 Husbandry
42:42 Elite Centurion
44:06 Murder Holes
44:24 Light Cavalry
45:15 Bloodlines
45:57 Masonry
51:12 Ballistas
52:28 Chain Barding Armor
53:09 Blast Furnace
52:55 Architecture
55:19 Heavy Scorpion
59:49 Plate Barding Armor
Connection lost

Rejoining the realm…

Still unreachable

The connection could not be restored.

Session expired

The server has moved on; the page needs a fresh start.